 Dungeon Crawl Stone Soup version 0.32-a0-576-g706899e69d (webtiles) character file.

Game seed: 17660574385976215084

123 jasper the Chopper (level 4, -1/38 HPs)
             Began as a Mountain Dwarf Berserker on Mar 1, 2024.
             Was a Believer of Trog.
             Succumbed to an adder's poison
             ... on level 2 of the Dungeon.
             The game lasted 00:04:13 (1907 turns).

jasper the Chopper (Mountain Dwarf Berserker)       Turns: 1907, Time: 00:04:13

Health: -1/38      AC:  2    Str: 21    XL:     4   Next: 80%
Magic:  4/4        EV: 11    Int:  8    God:    Trog [**....]
Gold:   107        SH:  4    Dex: 15    Spells: 3/3 levels left

rFire   + . .        a - +0 hand axe
rCold   + . .        e - +0 buckler
rNeg    . . .        b - +0 animal skin
rPois   +            (no helmet)
rElec   +            (no cloak)
rCorr   +            (no gloves)
SInv    .            (no boots)
Will    .....        (no amulet)
Stlth   +            k - +6 ring of dexterity
HPRegen 0.26/turn    (no ring)
MPRegen 0.09/turn

%: no passive effects
@: lethally poisoned (-1 -> -3), resistant, on berserk cooldown, slowed, very
slow
A: runic magic, artefact enchanting
a: Renounce Religion, Berserk, Trog's Hand


You were on level 2 of the Dungeon.
You worshipped Trog.
Trog was pleased with you.
You visited 1 branch of the dungeon, and saw 2 of its levels.

You collected 107 gold pieces.

Inventory:

Hand Weapons
 a - a +0 hand axe (weapon)
 d - a +0 club
Missiles
 f - 5 stones (quivered)
 g - 4 javelins
Armour
 b - a +0 animal skin (worn)
 e - a +0 buckler (worn)
Jewellery
 c - a ring of ice
 k - a +6 ring of dexterity (left hand)
Scrolls
 h - a scroll of blinking {unknown}
 j - a scroll of teleportation
Potions
 l - a potion of cancellation {unknown}


   Skills:
 - Level 3.2 Fighting
 + Level 6.7 Axes
 - Level 2.1 Armour
 - Level 1.3 Dodging


You had 3 spell levels left.
You didn't know any spells.
Your spell library was empty.

Dungeon Overview and Level Annotations

Branches:
Dungeon (2/15)

Altars:
Kikubaaqudgha

Shops:
D:1 (   D:2 [


Innate Abilities, Weirdness & Mutations

Your spellcasting is much less encumbered by armour.
You can use scrolls of enchantment on lesser artefacts.


Message History

You hit the adder.
You kill the adder!
Trog accepts your kill.
You feel sick. Natasha claws you!
* * * LOW HITPOINT WARNING * * *
You take 8 damage, and have 4/57 hp.
You closely miss Natasha.
Natasha is almost dead.
* * * LOW HITPOINT WARNING * * *
You feel sick. Natasha barely misses you.
You take 1 damage, and have 3/57 hp.
You slash Natasha!
You kill Natasha!
Trog accepts your kill.
Trog appreciates your killing of a magic user.
Natasha screams in pain as she dies!
* * * LOW HITPOINT WARNING * * *
You feel sick.
You feel a strong urge to attack something.
* * * LOW HITPOINT WARNING * * *
You feel sick.
You take 1 damage, and have 2/57 hp.
* * * LOW HITPOINT WARNING * * *
You feel sick.
You take 1 damage, and have 1/57 hp.
You are too berserk!
Expiring: You are possessed by a berserker rage.
You are lethally poisoned (1 -> 0).
Your movement speed is very quick.
Your attack delay is about 0.7.
Your damage rating with your +0 hand axe is about 10 (Base 7 x 127% (Str) x 119% (Skill)).
Your base attributes are Str 21, Int 8, Dex 9.
Unknown command.
Unknown command.
You feel your anger nearly subside.
You are no longer berserk.
You are exhausted.
You feel yourself slow down.
You now have 1/38 hp.
It was a potion of resistance.
You feel protected.
You die...

)#####...#..#...
.......####...## ##.#...##
##.# ## #...#..## #.## .#
#..###..####..# .## #..#
##...)...####..# #...
#######.....# # #.#.#
#...#.#.# ###.# ###@..|.#
.# #......###†...... .#
###.##. ...#...####. ..
#............. ### ##.#
............. .. ##.#
#............ #
#.######..## #............
####
#...##.....####............
...#
#............#..........#


There were no monsters in sight!

Vanquished Creatures
  Natasha (twice) (D:2)
  3 adders (D:2)
  2 ribbon worms (D:2)
  3 dart slugs
  3 endoplasms
  A giant cockroach (D:1)
  5 goblins
  5 hobgoblins
  A quokka (D:1)
  6 ball pythons
  2 bats
  2 frilled lizards (D:1)
  2 kobolds
  A rat (D:1)
38 creatures vanquished.

Notes
Turn   | Place    | Note
-------+----------+-------------------------------------------
     0 | D:1      | jasper the Mountain Dwarf Berserker began the quest for the
                  | Orb.
     0 | D:1      | Reached XP level 1. HP: 19/19 MP: 1/1
   147 | D:1      | Reached skill level 4 in Axes
   285 | D:1      | Reached XP level 2. HP: 26/26 MP: 2/2
   578 | D:1      | Found Kexkues's Antique Weapon Boutique.
   841 | D:1      | Reached skill level 5 in Axes
  1246 | D:2      | Reached XP level 3. HP: 25/31 MP: 3/3
  1335 | D:2      | Found an ancient bone altar of Kikubaaqudgha.
  1509 | D:2      | Noticed Natasha
  1513 | D:2      | Found Zid Amaw's Antique Armour Shop.
  1522 | D:2      | Killed Natasha
  1523 | D:2      | Reached skill level 6 in Axes
  1523 | D:2      | Reached XP level 4. HP: 28/38 MP: 4/4
  1657 | D:2      | Reached ** piety under Trog
  1889 | D:2      | Noticed Natasha
  1902 | D:2      | Killed Natasha
  1904 | D:2      | HP: 2/57 [poisoned by an adder]
  1907 | D:2      | Succumbed to an adder's poison

Illustrated notes

Levels and vault maps discovered:
D:1:      roderic_octagonal_star, layout_basic, serial_shops, shop
D:2:      layout_rooms, serial_shops, shop_statue, basic_altar, uniq_robin,
          uniq_natasha

Skill      XL: |  1  2  3 |
---------------+----------+-----
Axes           | 4 5 6 |  6.7
Fighting       | |  3.2
Armour         | |  2.1
Dodging        | |  1.3

Action                     |  1- 3 |  4- 6 || total
---------------------------+-------+-------++-------
  Melee: Hand axe          |   105 |    34 ||   139
  Throw: Stone             |       |     5 ||     5
 Invoke: Berserk           |     3 |     2 ||     5
    Use: Scroll            |     3 |       ||     3
         Potion            |       |     1 ||     1
 Armour: Animal skin       |    54 |    22 ||    76
  Dodge: Dodged            |    58 |    18 ||    76
  Block: Buckler           |     8 |     3 ||    11

Table legend: (Time is in decaauts)
 A = Elapsed time spent in this place.
 B = Non-inter-level travel time spent in this place.
 C = Inter-level travel time spent in this place.
 D = Time resting spent in this place.
 E = Time spent auto-exploring this place.
 F = Levels seen in this place.
 G = Mean time per level.
                   A        B        C        D        E       F      G
               +--------+--------+--------+--------+--------+-----+--------+
         Total |   1956 |   1860 |     96 |    417 |    852 |   2 |  978.0 |
       Dungeon |   1956 |   1860 |     96 |    417 |    852 |   2 |  978.0 |
               +--------+--------+--------+--------+--------+-----+--------+

Top non-repeatable levels by time:
     D:1: 1241 daAuts
     D:2: 714 daAuts
